 Dungeon Crawl Stone Soup version 0.29.1-1-gd02db6906a (webtiles) character file.

Game seed: 7534817988360574771

4428 sentinel the Thaumaturge (level 10, 0/78 HPs)
             Began as a Meteoran Earth Elementalist on Oct 6, 2022.
             Was a Follower of Cheibriados.
             Slain by a howler monkey (3 damage)
             ... on level 10 of the Dungeon.
             The game lasted 00:20:31 (1100 turns).

sentinel the Thaumaturge (MeEE)                     Turns: 1100, Time: 00:20:32

Health: 0/78       AC:  6    Str: 13    XL:     10   Next: 93%
Magic:  15/24      EV: 13    Int: 24    God:    Cheibriados [*.....]
Gold:   14         SH:  0    Dex: 18    Spells: 16/27 levels left

rFire   . . .      SeeInvis .   i - +2 whip (elec)
rCold   + . .      Faith    .   (no shield)
rNeg    . . .      Spirit   .   a - +0 robe
rPois   .          Reflect  .   j - +2 helmet
rElec   .          Harm     .   (no cloak)
rCorr   .          Rampage  .   (no gloves)
Will    ++...                   t - +0 pair of boots
Stlth   +.........              e - amulet of magic regeneration
HPRegen 0.23/turn               c - ring of protection from cold
MPRegen 0.59/turn               r - ring of willpower

@: glowing, studying Armour, very slow
A: sense surroundings 2, otherworldly, glowing, explore regen
a: Renounce Religion, Bend Time


You were on level 10 of the Dungeon.
You worshipped Cheibriados.
Cheibriados was aware of your devotion.
You visited 2 branches of the dungeon, and saw 11 of its levels.

You collected 14 gold pieces.

Inventory:

Hand Weapons
 g - a +3 dagger of speed
 i - a +2 whip of electrocution (weapon)
Missiles
 f - a curare-tipped dart
 q - 2 throwing nets
Armour
 a - a +0 robe (worn)
 j - a +2 helmet (worn)
 t - a +0 pair of boots (worn)
Jewellery
 c - a ring of protection from cold (left hand)
 e - an amulet of magic regeneration (around neck)
 l - an amulet of regeneration
 r - a ring of willpower (right hand)
Wands
 n - a wand of charming (5)
 A - a wand of light (6)
Scrolls
 m - 2 scrolls of summoning {unknown}
 o - a scroll of silence {unknown}
 p - a scroll of noise {unknown}
 s - 2 scrolls of immolation
 u - a scroll of torment
Potions
 b - a potion of magic
 d - 2 potions of cancellation
 h - 3 potions of curing {unknown}
 k - a potion of flight {unknown}
 M - a potion of mutation


   Skills:
 - Level 4.0 Fighting
 - Level 2.4 Dodging
 - Level 1.4 Stealth
 + Level 9.1 Spellcasting
 - Level 5.0 Conjurations
 - Level 5.0 Translocations
 - Level 1.2 Transmutations
 + Level 7.8 Ice Magic
 - Level 5.0 Earth Magic
 - Level 7.0 Poison Magic
 - Level 5.0 Evocations


You had 16 spell levels left.
You knew the following spells:

 Your Spells              Type           Power      Damage    Failure   Level
a - Sandblast             Erth           68%        2d15      1%          1
b - Stone Arrow           Conj/Erth      68%        3d11      2%          3
c - Passwall              Tmut/Erth      20%        N/A       2%          2
g - Apportation           Tloc           68%        N/A       1%          1
t - Olgreb's Toxic Radia  Pois           44%        N/A       3%          4

Your spell library contained the following spells:

 Spells                   Type           Power      Damage    Failure   Level
 Necrotise                Necr           40%        1d6       6%          1
 Summon Small Mammal      Summ           40%        N/A       6%          1
 Petrify                  Tmut/Erth      25%        N/A       16%         4
 Summon Guardian Golem    Hex/Summ       10%        N/A       17%         3
 Ozocubu's Refrigeration  Ice            24%        4d12      89%         7
 Orb of Destruction       Conj           17%        9d7       99%         7
 Spellforged Servitor     Conj/Summ      11%        N/A       100%        7
 Ignition                 Fire           5%         3d4       100%        8


Dungeon Overview and Level Annotations

Branches:
Dungeon (10/15) Zot: 7422  Temple (1/1) D:5 Zot: 853
   Lair: D:8-11         Orc: D:9-12

Altars:
Cheibriados
Dithmenos
Fedhas
Sif Muna
Trog


Innate Abilities, Weirdness & Mutations

You passively map the area around you.
You are easily found by Zot.
You glow in the dark.
You regain HP and MP as you explore.


Message History

The yak looks even sicker.
The yak looks as sick as possible!
The yak attacks as you move away! The yak gores you!
The yak looks as sick as possible!
Your toxic aura wanes.
You kill the yak!
Cheibriados thoroughly appreciates the change of pace.
Cheibriados raises the support of your attributes as your movement slows.
Your Ice Magic skill increases to level 7!
Casting: Olgreb's Toxic Radiance (dangerous; 3% risk of failure)
Confirm with . or Enter, or press ? or * to list all spells.
Aiming: Stone Arrow (mildly dangerous; 2% risk of failure)
Press: ? - help, Shift-Dir - straight line, f - yak
Aim: a yak (severely wounded, very poisoned, 84% to hit)
The stone arrow hits the yak!
You kill the yak!
Cheibriados appreciates the change of pace.
Casting: Stone Arrow (mildly dangerous; 2% risk of failure)
Confirm with . or Enter, or press ? or * to list all spells.
Aiming: Stone Arrow (mildly dangerous; 2% risk of failure)
Press: ? - help, Shift-Dir - straight line, f - yak
Aim: a yak (heavily wounded, very poisoned, 84% to hit)
The stone arrow hits the yak!
The yak is severely wounded.
A shadow comes into view.
The shadow slips into darkness.
The shadow flickers and vanishes!
The yak closely misses you.
Casting: Stone Arrow (mildly dangerous; 2% risk of failure)
Confirm with . or Enter, or press ? or * to list all spells.
You begin to radiate toxic energy.
The yak is poisoned.
The yak looks even sicker. x2
You kill the yak!
Cheibriados appreciates the change of pace.
The yak gores you!
The yak looks even sicker. x2
Your toxic aura wanes.
The yak attacks as you move away! The yak gores you!
Aiming: Charm
Press: ? - help, Shift-Dir - straight line, f - yak
Aim: a yak (heavily wounded, very poisoned, chance to affect: 62%)
The yak resists with significant effort.
The yak misses you.
Aiming: Charm
Press: ? - help, Shift-Dir - straight line, f/p - yak
Aim: a yak (severely wounded, very poisoned, chance to affect: 62%)
The yak resists with significant effort.
The yak closely misses you.
Found 19 gold pieces.
Okay, then.
Casting: Olgreb's Toxic Radiance (dangerous; 3% risk of failure)
Confirm with . or Enter, or press ? or * to list all spells.
Okay, then.
Casting: Olgreb's Toxic Radiance (dangerous; 3% risk of failure)
Confirm with . or Enter, or press ? or * to list all spells.
You miscast Olgreb's Toxic Radiance.
You are very lightly contaminated with residual magic.
Nothing appears to happen.
The yak gores you!
Casting: Olgreb's Toxic Radiance (dangerous; 3% risk of failure)
Confirm with . or Enter, or press ? or * to list all spells.
Okay, then.
Aiming: Bolt of Light
Press: ? - help, Shift-Dir - straight line, p - yak The bolt of light hits the yak!!
The yak is almost dead.
The yak is blinded.
The yak barely misses you.
Aiming: Bolt of Light
Press: ? - help, Shift-Dir - straight line The bolt of light hits the yak!!
You kill the yak!
Cheibriados appreciates the change of pace.
The bolt of light hits the yak!
You kill the yak!
Cheibriados appreciates the change of pace.
Your Spellcasting skill increases to level 9!
The shadow strikes at you from the darkness!
A howler monkey and a vampire mosquito come into view.
Found 17 gold pieces.
The vampire mosquito buzzes angrily.
The howler monkey howls!
The shadow slips into darkness.
The shadow flickers and vanishes!
Press: ? - help, v - describe, . - travel The floor, spattered with blood.
Aiming: Charm
Press: ? - help, Shift-Dir - straight line Nothing appears to happen.
The howler monkey hoots and howls with incredible vigour!
The shadow strikes at you from the darkness!
You hear a shout! x3
HP warning!
Aiming: Charm
Press: ? - help, Shift-Dir - straight line, f - shadow
Aim: a shadow (chance to affect: 44%)
The shadow resists with some effort.
The shadow barely misses you.
HP warning!
Okay, then.
Okay, then.
Okay, then.
Okay, then.
Aiming: Charm
Press: ? - help, Shift-Dir - straight line, f - vampire mosquito, p - shadow
Aim: a vampire mosquito (chance to affect: 62%)
The vampire mosquito is charmed.
The shadow hits you!
* * * LOW HITPOINT WARNING * * *
HP warning!
Aiming: Charm
Press: ? - help, Shift-Dir - straight line, f - shadow, p - vampire mosquito
Aim: a shadow (chance to affect: 44%)
The shadow resists with some effort.
Your vampire mosquito bites the shadow! x2
The shadow barely misses your vampire mosquito.
HP warning!
Okay, then.
Unknown command.
Press: ? - help, v - describe, . - travel
Here: a shadow (almost destroyed, not watching you, ally target)
The floor.
Okay, then.
Unknown command.
Aiming: Bolt of Light
Press: ? - help, Shift-Dir - straight line, f - howler monkey, p - shadow
Aim: a howler monkey (71% to hit)
Okay, then.
Okay, then.
Press: ? - help, v - describe, . - travel
Here: a howler monkey The floor.
Casting: Olgreb's Toxic Radiance (dangerous; 3% risk of failure)
Confirm with . or Enter, or press ? or * to list all spells.
Aiming: Stone Arrow (mildly dangerous; 2% risk of failure)
Press: ? - help, Shift-Dir - straight line, f - howler monkey, p - shadow
Aim: a howler monkey (71% to hit)
Okay, then.
Aiming: Charm
Press: ? - help, Shift-Dir - straight line, f - howler monkey, p - shadow
Aim: a howler monkey (chance to affect: 70%)
The howler monkey struggles to resist.
Your vampire mosquito bites the shadow!
The shadow is destroyed!
Cheibriados thoroughly appreciates the change of pace.
Your vampire mosquito closely misses the howler monkey.
The howler monkey hits you but does no damage.
Your magical contamination has completely faded away.
HP warning!
Okay, then.
Casting: Stone Arrow (mildly dangerous; 2% risk of failure)
Confirm with . or Enter, or press ? or * to list all spells.
Aiming: Stone Arrow (mildly dangerous; 2% risk of failure)
Press: ? - help, Shift-Dir - straight line, f/p - howler monkey
Aim: a howler monkey (ally target, 71% to hit)
The stone arrow misses the howler monkey.
Your vampire mosquito closely misses the howler monkey.
The howler monkey hits you.
You die...

* , ,
...#...###.......... ,
$......#...#......##...#
,..$...................#
* ................†<...#
* ,,....
#..............# ,
*#..##......../....## *
,,,#...#.......#.....#,
*, ,
*#hy###........#..Y. ,
#.@..#.......####.. * *
*#....#............ ..
***
#......#.##.......... ,.
##..#.#######.........
#.,## *...#......, * # ,
..##.. , * , * .## .., *
** ,, ,, ,* ,, , , , , *
,, , , ,


You could see a howler monkey (ally target) and a friendly vampire mosquito
(charmed).

Vanquished Creatures
  A two-headed ogre (D:8)
  A hornet (D:9)
  15 yaks
  Sigmund (D:5)
  2 water moccasins
  A centaur (D:9)
  2 phantoms
  A kobold brigand (D:6)
  2 bullfrogs
  2 scorpions
  A howler monkey (D:7)
  2 hounds (D:5)
  A gnoll bouda (D:7)
  An iguana (D:5)
  5 orc wizards
  8 gnolls
  3 adders
  A white imp (D:5)
  A worm (D:2)
  2 dart slugs
  9 orcs
  8 ball pythons
  4 endoplasms
  2 giant cockroaches
  2 goblins (D:1)
  8 hobgoblins
  2 jackals (D:2)
  6 kobolds
  2 quokkas (D:1)
  A bat (D:1)
  2 frilled lizards (D:1)
99 creatures vanquished.

Vanquished Creatures (collateral kills)
  A shadow (D:10)
1 creature vanquished.

Grand Total: 100 creatures vanquished

Notes
Turn   | Place    | Note
-------+----------+-------------------------------------------
     0 | D:1      | sentinel the Meteoran Earth Elementalist began the quest
                  | for the Orb.
     0 | D:1      | Reached XP level 1. HP: 14/14 MP: 5/5
    86 | D:1      | Reached XP level 2. HP: 20/20 MP: 4/6
    90 | D:1      | Learned a level 2 spell: Passwall
   172 | D:1      | Reached XP level 3. HP: 26/26 MP: 5/8
   176 | D:1      | Learned a level 3 spell: Stone Arrow
   218 | D:1      | Reached skill level 1 in Conjurations
   286 | D:2      | Reached XP level 4. HP: 33/33 MP: 9/9
   320 | D:4      | Noticed a scorpion
   325 | D:4      | Killed a scorpion
   326 | D:4      | Reached skill level 5 in Earth Magic
   326 | D:4      | Reached XP level 5. HP: 38/38 MP: 6/10
   342 | D:5      | Entered Level 5 of the Dungeon
   342 | D:5      | Noticed a water moccasin
   346 | D:5      | Killed a water moccasin
   347 | D:5      | Reached skill level 5 in Conjurations
   347 | D:5      | Reached skill level 3 in Spellcasting
   347 | D:5      | Reached skill level 1 in Poison Magic
   347 | D:5      | Reached XP level 6. HP: 45/45 MP: 6/11
   352 | D:5      | Learned a level 4 spell: Olgreb's Toxic Radiance
   353 | D:5      | Found a bloodstained altar of Trog.
   471 | D:6      | Reached skill level 4 in Spellcasting
   471 | D:6      | Reached XP level 7. HP: 18/50 MP: 5/14
   534 | D:5      | Reached skill level 5 in Spellcasting
   599 | D:4      | Reached skill level 5 in Poison Magic
   603 | D:4      | Reached XP level 8. HP: 57/57 MP: 9/16
   631 | D:4      | Learned a level 1 spell: Apportation
   703 | D:5      | Noticed Sigmund
   706 | D:5      | Killed Sigmund
   740 | D:5      | Found a staircase to the Ecumenical Temple.
   745 | Temple   | Entered the Ecumenical Temple
   765 | Temple   | Became a worshipper of Cheibriados the Contemplative
   848 | D:7      | Reached skill level 1 in Evocations
   851 | D:7      | Reached skill level 1 in Fighting
   864 | D:7      | Found a shadowy altar of Dithmenos.
   878 | D:7      | Gained mutation: You passively map the area around you.
                  | [Meteoran growth]
   878 | D:7      | Reached XP level 9. HP: 61/67 MP: 13/17
   887 | D:8      | Noticed a two-headed ogre
   891 | D:8      | Killed a two-headed ogre
   892 | D:8      | Reached skill level 5 in Evocations
   963 | D:9      | Reached * piety under Cheibriados
   996 | D:9      | Reached skill level 6 in Spellcasting
   996 | D:9      | Reached XP level 10. HP: 52/78 MP: 1/20
  1002 | D:9      | Reached skill level 5 in Ice Magic
  1063 | D:10     | Entered Level 10 of the Dungeon
  1070 | D:10     | Reached skill level 5 in Translocations
  1071 | D:10     | Reached skill level 7 in Spellcasting
  1077 | D:10     | Reached skill level 8 in Spellcasting
  1094 | D:10     | Reached skill level 9 in Spellcasting
  1097 | D:10     | HP: 2/78 [shadow (9)]
  1100 | D:10     | Slain by a howler monkey

Illustrated notes

Levels and vault maps discovered:
D:1:      minmay_arrival_glassed_features, layout_basic, minmay_surrounded
D:2:      layout_rooms, bh_walls_and_bars, uniq_natasha
D:3:      layout_basic, mainiacjoe_overflow_small_starburst,
          shapermc_ecumenical_altar_acropolis, serial_bayou_crossing
D:4:      layout_rooms, minmay_starry_boxes
D:5:      nicolae_cairo_tiling, layout_rooms, nicolae_overflow_crystal_walls,
          lemuel_coloured_pillars_altar, uniq_sigmund
D:6:      layout_basic, serial_shops, shop, minmay_mini_ossuary
D:7:      layout_rooms, gammafunk_temple_overflow_forgotten
D:8:      layout_cave_pods
D:9:      layout_long_grid, nemelex_xobeh_ov_fountains_minmay,
          lemuel_mausoleum_altar_yredelemnul, erik_lair_island,
          due_unseen_surprise, uniq_prince_ribbit1, uniq_erolcha
D:10:     layout_cave_pools, chequers_garden, st_stairs_5
Temple:   dpeg_chambers_temple

Skill      XL: |  1  2  3  4  5  6  7  8  9 10 |
---------------+-------------------------------+-----
Earth Magic    | 4 5 |  5.0
Conjurations   | 1 3 5 |  5.0
Spellcasting   | 3 4 5 6 9 |  9.1
Poison Magic   | 1 3 5 6 7 |  7.0
Translocations | 3 4 5 |  5.0
Evocations     | 3 5 |  5.0
Fighting       | 2 4 |  4.0
Ice Magic      | 4 7 |  7.8
Dodging        | |  2.4
Stealth        | |  1.4
Transmutations | |  1.2

Action                   |  1- 3 |  4- 6 |  7- 9 | 10-12 || total
-------------------------+-------+-------+-------+-------++-------
Melee: Unarmed           |     3 |       |       |       ||     3
       Dagger            |     1 |       |       |       ||     1
       Whip              |       |       |     2 |       ||     2
 Cast: Sandblast         |    35 |    25 |    34 |     5 ||    99
       Passwall          |     1 |       |     7 |     2 ||    10
       Stone Arrow       |       |     8 |    23 |     8 ||    39
       Olgreb's Toxic Ra |       |       |    11 |     8 ||    19
       Apportation       |       |       |    16 |     5 ||    21
Evoke: Wand              |       |       |     1 |     9 ||    10
  Use: Scroll            |       |     5 |     2 |       ||     7
Armor: Robe              |     8 |     1 |     2 |     2 ||    13
Dodge: Dodged            |    21 |     8 |    23 |    11 ||    63
